 Dungeon Crawl Stone Soup version 0.20.0-15-g7f486f2 (webtiles) character file.

141550 greprep the Minotaur Blade (level 16, 0/150 HPs)
             Began as a Minotaur Fighter on June 9, 2017.
             Was the Champion of Ashenzari.
             Killed by static electricity
             ... invoked by an insubstantial wisp
              (2 damage)
             ... on level 4 of the Swamp.
             The game lasted 01:30:05 (31720 turns).

greprep the Minotaur Blade (Minotaur Fighter)      Turns: 31720, Time: 01:30:06

Health: 0/150      AC: 26    Str: 28      XL:     16   Next: 78%
Magic:  22/22      EV:  8    Int: 10      God:    Ashenzari [******]
Gold:   2394       SH: 21    Dex:  6 (7)  Spells: 24/24 levels left

rFire    . . .     SeeInvis +   I - +9 scimitar (flame) (curse)
rCold    + . .     Gourm    .   c - +5 shield (curse)
rNeg     . . .     Faith    .   d - +0 chain mail of Qeluol Ridd {MR+ Stlth+} (curse)
rPois    .         Spirit   .   G - +2 hat (curse)
rElec    +         Reflect  .   q - scarf {cloud immunity} (curse)
rCorr    .         Harm     .   U - +2 pair of gloves (curse)
MR       ++...     Clarity  +   D - +1 pair of boots (curse)
Stlth    ..........             s - amulet of Vitality {Regen+ HP+15} (curse)
Regen    0.8/turn               n - ring of Gofydad {rElec Int+3 Dex-3 Slay+3 Stlth+} (curse)
MPRegen  0.2/turn               m - +4 ring of protection (curse)

@: constricted, invisible
A: retaliatory headbutt, horns 2, clever 1, cold resistance 1, deterioration 1,
frail 1
a: Curse Item, Scrying, Transfer Knowledge, Renounce Religion


You were on level 4 of the Swamp.
You worshipped Ashenzari.
Ashenzari was exalted by your worship.
You were not hungry.

You visited 5 branches of the dungeon, and saw 28 of its levels.
You also visited: Labyrinth and Bailey.

You collected 2394 gold pieces.

Inventory:

Hand Weapons
 I - a cursed +9 scimitar of flaming (weapon)
 Y - a +2 scimitar of draining
Missiles
 M - 45 tomahawks of returning (quivered)
Armour
 c - a cursed +5 shield (worn)
 d - the cursed +0 chain mail of Qeluol Ridd (worn) {MR+ Stlth+}
   (You took it off a kobold in a bailey)

   It affects your resistance to hostile enchantments.
   It makes you more stealthy.
   It has a curse placed upon it.
 q - a cursed scarf of cloud immunity (worn)
 D - a cursed +1 pair of boots (worn)
 G - a cursed +2 hat (worn)
 U - a cursed +2 pair of gloves (worn)
Jewellery
 m - a cursed +4 ring of protection (right hand)
 n - the cursed ring of Gofydad (left hand) {rElec Int+3 Dex-3 Slay+3 Stlth+}
   (You found it in a labyrinth)

   [ring of dexterity]

   It affects your intelligence (+3).
   It affects your dexterity (-3).
   It affects your accuracy and damage with ranged weapons and melee attacks
   (+3).
   It insulates you from electricity.
   It makes you more stealthy.
   It has a curse placed upon it.
 s - the cursed amulet of Vitality (around neck) {Regen+ HP+15}
   (You acquired it on level 5 of the Lair of Beasts)

   [amulet of regeneration]

   It affects your health (+15).
   It increases your rate of regeneration.
   It has a curse placed upon it.
 T - an uncursed ring of ice
Wands
 a - a wand of iceblast (9/15)
 k - a wand of lightning (7/15)
 o - a wand of flame (33/48)
 p - a wand of lightning (9/15)
 u - a wand of paralysis (10/24)
 v - a wand of flame (30/48)
 x - a wand of disintegration (12/24)
 B - a wand of lightning (11/15)
 C - a wand of flame (31/48)
 E - a wand of flame (43/48)
 H - a wand of lightning (5/15)
 K - a wand of iceblast (4/15)
 L - a wand of acid (12/15)
 N - a wand of confusion (25/48)
 O - a wand of enslavement (13/24)
 R - a wand of disintegration (9/24)
Scrolls
 e - 5 scrolls of remove curse
 g - 4 scrolls of fog
 i - 6 scrolls of teleportation
 j - 4 scrolls of recharging
 r - 5 scrolls of magic mapping
 y - 2 scrolls of enchant weapon
 P - 2 scrolls of fear
 S - 2 scrolls of blinking
 Z - a scroll of identify
Potions
 b - a potion of ambrosia
 h - 3 potions of berserk rage
 w - 8 potions of curing
 A - 4 potions of agility
 F - 2 potions of haste
 J - a potion of heal wounds
 V - 2 potions of lignification
 W - a potion of cancellation
Books
 X - a book of Clouds

   Spells                             Type                      Level
   a - Poisonous Vapours              Poison/Air                   2
   b - Mephitic Cloud                 Conjuration/Poison/Air       3
   c - Conjure Flame                  Conjuration/Fire             3
   d - Freezing Cloud                 Conjuration/Ice/Air          6
   e - Ring of Flames                 Charms/Fire                  7
Comestibles
 f - 14 bread rations
 l - 12 royal jellies
 t - 9 meat rations
 z - 10 fruits


   Skills:
 + Level 15.9 Fighting
 * Level 21.3(24.7) Long Blades
 + Level 10.2(15.7) Armour
 + Level 8.0 Dodging
 + Level 17.4(19.8) Shields
 + Level 4.8 Spellcasting


You had 24 spell levels left.
You didn't know any spells.

Dungeon Overview and Level Annotations

Branches:
Dungeon (15/15)            Temple (1/1) D:5            Lair (6/6) D:8
  Swamp (4/4) Lair:3       Spider (0/4) Lair:4        Slime (0/5) Lair:6
    Orc (2/2) D:11            Elf (0/3) Orc:2        Vaults (0/5) D:13
 Depths (0/5) D:15

Altars:
Ashenzari
Cheibriados
Dithmenos
Elyvilon
Fedhas
Gozag
Hepliaklqana
Kikubaaqudgha
Makhleb
Nemelex Xobeh
Okawaru
Qazlal
Ru
Sif Muna
Trog
Uskayaw
Vehumet
Xom
Yredelemnul
Zin
The Shining One

Shops:
D:8 %   Orc:1 :   Orc:2 *[:(

Portals:
Trove: D:15 (give +3 fire dragon scales)

Annotations:
Lair:2 exclusion: 3 oklob plants


Innate Abilities, Weirdness & Mutations

You reflexively headbutt those who attack you in melee.
You have a pair of horns on your head.
Your mind is acute. (Int +2)
Your flesh is cold resistant. (rC+)
Your body sometimes deteriorates upon taking damage.
You are frail. (-10% HP)


Message History

The eight-headed hydra is struck by lightning.
The lightning arcs!
The five-headed hydra is struck by lightning.
The lightning arcs!
The swamp dragon is struck by lightning.
The lightning grounds out.
The tentacled monstrosity tentacle-slaps you but does no damage. x2
You block the tentacled monstrosity's attack.
* * * LOW HITPOINT WARNING * * *
The tentacled monstrosity constricts you.
You fade into invisibility!
You are hit by a branch!
* * * LOW HITPOINT WARNING * * *
The spriggan druid calls out to the beasts of the wild!
The insubstantial wisp thrums sharply.
The eight-headed hydra is struck by lightning.
The lightning arcs!
The swamp dragon is struck by lightning.
The lightning grounds out.
You are struck by lightning.
You resist.
You die...

♣♣†♣≈≈♣♣# #♣#♣♣#≈≈♣.§≈..♣
♣...♣t.≈♣♣#.#♣≈≈≈..≈≈≈≈≈≈*
♣♣≈≈♣≈iF.#.≈.≈≈≈.≈≈≈≈≈≈.
♣..≈≈≈v.†≈.♣♣.≈≈≈≈≈≈≈.♣ *
♣♣.≈≈.§..w≈♣♣♣♣≈≈≈≈≈.♣♣
♣...≈.≈♣≈.♣♣ ♣♣)≈≈≈≈.♣
♣..≈...DDD.♣♣♣..≈≈≈≈≈♣
♣♣≈≈§..♣♣DDX≈.≈†≈†.≈♣♣
♣♣≈(♣♣♣♣D≈@..≈≈≈≈§≈♣
*♣....♣ ♣♣v♣≈.≈≈≈≈.♣♣ **
♣≈≈..♣♣ ♣♣♣)§≈≈§)≈≈♣ ≈
*♣.≈♣♣♣ ♣♣.≈≈.♣♣♣♣ *...*
♣♣≈≈.≈≈♣ * * ♣≈k..≈♣ ** *
♣...♣♣♣ *** *** ≈ * ...≈♣
≈ * ≈≈≈≈≈,,, ≈≈≈≈♣


You could see a tentacled monstrosity, an alligator (wandering), 2 eight-headed
hydras, a five-headed hydra (wandering), 3 swamp dragons, a spriggan druid, a
spiny frog (fleeing), a swamp worm (fleeing), a swamp drake (fleeing) and 2
insubstantial wisps.

Vanquished Creatures
  Rupert (Lair:6)
  A thorn hunter (Swamp:2)
  The ghost of sankara the Warrior, an adept MiFi of Okawaru (Swamp:2)
  An orc warlord (Orc:1)
  Azrael (D:14)
  A dire elephant (Lair:6)
  A spark wasp (shapeshifter) (D:13)
  An ettin (D:15)
  A minotaur (Lab)
  Snorg (D:13)
  Erolcha (D:12)
  A vault guard (D:15)
  13 hydras
  Fannar (Orc:1)
  An ice dragon (D:13)
  A death knight (D:15)
  Erica (D:8)
  13 alligators
  2 ghost crabs
  A merfolk avatar (Lair:6)
  2 centaur warriors
  21 two-headed ogres
  2 ogre magi (D:15)
  A tengu warrior (D:14)
  A death yak (Lair:5)
  5 spriggans
  Nergalle (D:10)
  The ghost of Terandir the Thaumaturge, a novice DEEE of Okawaru (Bailey)
  Urug (D:13)
  3 orc high priests
  A fire crab (shapeshifter) (D:14)
  2 unseen horrors (D:14)
  3 spriggan druids
  A sea snake (Lair:6)
  2 lindwurms (Swamp:4)
  A wizard (D:15)
  A shambling mangrove (Swamp:1)
  7 orc knights
  11 swamp dragons
  A harpy (Lair:5)
  2 ugly things
  3 deep elf magi (D:15)
  6 orc sorcerers
  An oklob plant (Lair:2)
  3 manticores
  3 cyclopes
  An elephant (Lair:6)
  Psyche (D:12)
  2 torpor snails (Lair:5)
  3 centaur zombies
  2 black mambas
  An eye of devastation (Lair:6)
  17 spiny frogs
  6 rime drakes (Lair:6)
  2 kobold demonologists (D:11)
  A freezing wraith (D:15)
  9 komodo dragons
  An efreet (D:14)
  2 tengu conjurers
  10 hornets
  9 polar bears
  A queen bee (D:11)
  9 trolls
  A wind drake (Lair:6)
  8 hippogriffs
  3 tyrant leeches
  4 bog bodies
  8 slime creatures
  22 blink frogs
  7 shadows
  36 yaks
  5 wyverns
  A redback (Lair:4)
  4 wraiths
  A steam dragon (D:12)
  3 basilisks
  5 fire elementals (D:14)
  A hungry ghost (D:11)
  6 vampire mosquitoes
  6 wargs
  13 insubstantial wisps
  2 acid dragons
  10 swamp worms
  15 water moccasins
  2 hell hounds (D:14)
  7 porcupines
  11 swamp drakes
  5 ice beasts
  4 black bears
  47 orc warriors
  An eye of draining (shapeshifter) (D:15)
  3 phantoms
  3 eyes of draining
  4 necrophages
  4 sky beasts
  15 ogres
  5 wolves (Lair:6)
  29 centaurs
  16 crocodiles
  5 big kobolds
  2 wyvern zombies
  14 bullfrogs
  8 scorpions
  38 killer bees
  4 howler monkeys
  9 wights
  2 electric eels (Lair:6)
  9 crimson imps
  4 jellies
  2 quasits
  2 bullfrog zombies
  38 orc priests
  4 bullfrog skeletons
  4 hounds
  6 centaur skeletons
  4 iguanas
  33 orc wizards
  7 hell rats (Lair:5)
  8 worker ants
  A hound skeleton (D:5)
  8 gnolls
  12 adders
  3 shadow imps
  2 oozes (D:1)
  An adder zombie (D:7)
  2 adder skeletons (D:6)
  6 worms
  3 dart slugs
  4 leopard geckos
  106 orcs
  2 ball pythons
  4 bats
  6 giant cockroaches
  7 hobgoblins
  22 jackals
  4 quokkas
  2 frilled lizards
  11 goblins
  A jackal skeleton (D:5)
  36 kobolds
  A leopard gecko skeleton (D:4)
  A leopard gecko zombie (D:5)
  13 rats
  A plant (Lair:2)
987 creatures vanquished.

Vanquished Creatures (others)
  A spriggan druid (Swamp:4)
  A swamp worm (Swamp:3)
  An orc wizard (Orc:2)
  2 fungi
  3 plants
8 creatures vanquished.

Grand Total: 995 creatures vanquished

Notes
Turn   | Place    | Note
-------+----------+-------------------------------------------
     0 | D:1      | greprep the Minotaur Fighter began the quest for the Orb.
     0 | D:1      | Reached XP level 1. HP: 19/19 MP: 0/0
   440 | D:1      | Reached XP level 2. HP: 24/27 MP: 1/1
  1029 | D:1      | Reached skill level 3 in Long Blades
  1029 | D:1      | Reached XP level 3. HP: 26/33 MP: 2/2
  1339 | D:2      | Found a blossoming altar of Fedhas.
  1604 | D:3      | Reached XP level 4. HP: 40/40 MP: 3/3
  1670 | D:3      | Reached skill level 4 in Long Blades
  1889 | D:3      | Found a shadowy altar of Dithmenos.
  2280 | D:4      | Reached skill level 5 in Long Blades
  2280 | D:4      | Reached XP level 5. HP: 37/47 MP: 4/4
  2466 | D:4      | Noticed a centaur
  2478 | D:4      | HP: 2/47 [centaur (1)]
  2479 | D:4      | Killed a centaur
  2479 | D:4      | Reached skill level 6 in Long Blades
  2479 | D:4      | Reached XP level 6. HP: 3/55 MP: 5/5
  3093 | D:4      | Reached skill level 5 in Fighting
  3427 | D:4      | Reached skill level 7 in Long Blades
  3427 | D:4      | Reached skill level 1 in Dodging
  3665 | D:4      | Reached XP level 7. HP: 57/61 MP: 6/6
  3720 | D:4      | Reached skill level 8 in Long Blades
  3875 | D:5      | Entered Level 5 of the Dungeon
  3970 | D:5      | Found a staircase to the Ecumenical Temple.
  4093 | Temple   | Entered the Ecumenical Temple
  4162 | Temple   | Became a worshipper of Ashenzari the Shackled
  4438 | D:5      | Reached skill level 9 in Long Blades
  4706 | D:5      | Reached skill level 5 in Armour
  4706 | D:5      | Reached XP level 8. HP: 55/70 MP: 7/7
  5241 | D:6      | Reached skill level 10 in Long Blades
  5579 | D:6      | Reached * piety under Ashenzari
  6512 | D:7      | Reached skill level 5 in Shields
  6757 | D:7      | Reached skill level 11 in Long Blades
  6757 | D:7      | Reached XP level 9. HP: 72/78 MP: 8/8
  7344 | D:8      | Reached ** piety under Ashenzari
  7888 | D:8      | Found a staircase to the Lair.
  7919 | D:8      | Found Ikkicezo's Food Shoppe.
  7921 | D:8      | Noticed Erica
  7938 | D:8      | Killed Erica
  7938 | D:8      | Reached skill level 12 in Long Blades
  8237 | D:9      | Found a flagged portal.
  8240 | D:9      | Noticed a brown ugly thing
  8265 | Bailey   | Entered a bailey
  8329 | Bailey   | Noticed Terandir's ghost (novice DEEE)
  8339 | Bailey   | Gained mutation: Your body sometimes deteriorates upon taking damage. [potion of mutation]
  8339 | Bailey   | Gained mutation: You are frail. (-10% HP) [potion of mutation]
  8339 | Bailey   | Gained mutation: Your flesh is cold resistant. (rC+) [potion of mutation]
  8339 | Bailey   | Gained mutation: Your mind is acute. (Int +2) [potion of mutation]
  8352 | Bailey   | Killed Terandir's ghost
  8352 | Bailey   | Reached skill level 13 in Long Blades
  8352 | Bailey   | Reached XP level 10. HP: 45/79 MP: 9/9
  8570 | Bailey   | Noticed an orc knight
  8613 | Bailey   | Killed an orc knight
  8918 | Bailey   | Got the cursed chain mail of Qeluol Ridd {MR+ Stlth+}
  8934 | Bailey   | Identified the cursed +0 chain mail of Qeluol Ridd {MR+ Stlth+} (You took it off a kobold in a bailey)
  9213 | D:9      | Killed a brown ugly thing
  9328 | D:9      | Reached skill level 5 in Dodging
  9334 | D:9      | Noticed a two-headed ogre
  9339 | D:9      | Killed a two-headed ogre
  9438 | D:9      | Reached skill level 14 in Long Blades
  9499 | D:9      | Noticed a two-headed ogre
  9505 | D:9      | Killed a two-headed ogre
  9637 | D:9      | Noticed a two-headed ogre
  9642 | D:9      | Killed a two-headed ogre
 10130 | D:10     | Entered Level 10 of the Dungeon
 10177 | D:10     | Noticed a two-headed ogre
 10194 | D:10     | Killed a two-headed ogre
 10194 | D:10     | Reached XP level 11. HP: 72/85 MP: 10/10
 10376 | D:10     | Reached *** piety under Ashenzari
 10488 | D:10     | Reached skill level 15 in Long Blades
 10705 | D:10     | Noticed Nergalle
 10717 | D:10     | Killed Nergalle
 11501 | D:11     | Noticed a two-headed ogre
 11509 | D:11     | Killed a two-headed ogre
 11516 | D:11     | Reached skill level 10 in Fighting
 11726 | D:11     | Found a staircase to the Orcish Mines.
 12084 | D:11     | Reached skill level 16 in Long Blades
 12084 | D:11     | Reached XP level 12. HP: 91/96 MP: 11/11
 12139 | D:11     | Reached skill level 10 in Shields
 12504 | D:12     | Found an opulent altar of Gozag.
 12648 | D:12     | Noticed Erolcha
 12673 | D:12     | Killed Erolcha
 12936 | D:12     | Noticed Psyche
 12942 | D:12     | Killed Psyche
 13387 | D:12     | Found a shattered altar of Ashenzari.
 13680 | Lair:1   | Entered Level 1 of the Lair of Beasts
 13724 | Lair:1   | Reached **** piety under Ashenzari
 14916 | Lair:2   | Reached skill level 17 in Long Blades
 14916 | Lair:2   | HP: 2/99 [acid (13)]
 15700 | Lair:2   | Reached XP level 13. HP: 102/104 MP: 12/12
 16221 | Lair:3   | Reached skill level 10 in Armour
 16436 | Lair:3   | Found a staircase to the Swamp.
 16951 | Lair:3   | Reached ***** piety under Ashenzari
 17797 | Lair:4   | Found a hole to the Spider Nest.
 19477 | Lair:5   | Reached skill level 18 in Long Blades
 19775 | Lair:6   | Entered Level 6 of the Lair of Beasts
 19874 | Lair:6   | Found a staircase to the Slime Pits.
 20059 | Lair:6   | Noticed Rupert
 20102 | Lair:6   | Killed Rupert
 20102 | Lair:6   | Reached XP level 14. HP: 54/114 MP: 13/13
 21684 | Lair:5   | Identified a scroll of acquirement
 22477 | Orc:1    | Entered Level 1 of the Orcish Mines
 22542 | Orc:1    | Reached ****** piety under Ashenzari
 22551 | Orc:1    | Found Ezeil's Book Emporium.
 22558 | Orc:1    | Noticed Fannar
 22568 | Orc:1    | Killed Fannar
 23142 | Orc:2    | Entered Level 2 of the Orcish Mines
 23150 | Orc:2    | Reached skill level 19 in Long Blades
 23267 | Orc:2    | Noticed an orc warlord
 23470 | Orc:1    | Killed an orc warlord
 24679 | Orc:2    | Found Reutwov's General Store.
 24680 | Orc:2    | Found Ydiatey's Book Emporium.
 24681 | Orc:2    | Found Jyckoy's Antique Armour Emporium.
 24681 | Orc:2    | Found Emid's Antique Weapon Shoppe.
 24769 | Orc:2    | Found a staircase to the Elven Halls.
 25323 | D:13     | Noticed Urug
 25328 | D:13     | Killed Urug
 25328 | D:13     | Reached XP level 15. HP: 120/124 MP: 14/14
 25413 | D:13     | Noticed Snorg
 25418 | D:13     | Killed Snorg
 25859 | D:13     | Found a gate to the Vaults.
 26066 | D:14     | Noticed Azrael
 26098 | D:14     | Killed Azrael
 26115 | D:14     | Reached skill level 15 in Shields
 26724 | D:15     | Entered Level 15 of the Dungeon
 26829 | D:15     | Reached skill level 20 in Long Blades
 26839 | D:15     | Found a staircase to the Depths.
 26900 | D:15     | Found a labyrinth entrance.
 27007 | Lab      | Entered a labyrinth
 27425 | Lab      | Identified the +6 falchion "Ydiuhing" {slice, rPois MP+9}
 27425 | Lab      | Identified the cursed ring of Gofydad {rElec Int+3 Dex-3 Slay+3 Stlth+}
 27704 | D:15     | Identified the +1 chain mail of Qufoq {-Tele rF+ Regen+ Int+4}
 27803 | D:15     | Reached skill level 1 in Spellcasting
 27814 | D:15     | Reduced skill Armour to level 10
 28213 | D:15     | Found a portal to a secret trove of treasure.
 28702 | Swamp:1  | Entered Level 1 of the Swamp
 28705 | Swamp:1  | Reached skill level 15 in Fighting
 28971 | Swamp:1  | Reached XP level 16. HP: 134/134 MP: 22/22
 29583 | Swamp:2  | Noticed sankara's ghost (adept MiFi)
 29615 | Swamp:2  | Identified the +10 hand axe of Wyrd {chop, Str+2}
 30003 | Swamp:2  | Paralysed by a hornet for 2 turns
 30195 | Swamp:2  | Identified the cursed +1 short sword "Ytiplim" {elec, Int+4}
 30219 | Swamp:2  | Killed sankara's ghost
 30326 | Swamp:2  | Noticed a thorn hunter
 30334 | Swamp:2  | Killed a thorn hunter
 30801 | Swamp:3  | Reached skill level 10 in Armour
 31084 | Swamp:3  | Reached skill level 21 in Long Blades
 31575 | Swamp:4  | Entered Level 4 of the Swamp
 31683 | Swamp:4  | Noticed a tentacled monstrosity
 31720 | Swamp:4  | HP: 2/150 [spriggan druid/angry trees (7)]
 31720 | Swamp:4  | Killed from afar by an insubstantial wisp

Skill      XL: |  1  2  3  4  5  6  7  8  9 10 11 12 13 14 15 16 |
---------------+-------------------------------------------------+-----
Fighting       | 4 5 6 7 8 10 11 12 14 15 | 15.9
Long Blades    | 3 5 6 7 9 11 13 14 16 17 18 19 20 21 | 21.3
Shields        | 4 5 7 9 11 13 14 16 17 | 17.4
Armour         | 4 5 6 7 8 9 11 9 10 | 10.2
Dodging        | 1 2 3 4 5 6 7 8 |  8.0
Spellcasting   | 4 |  4.8

Action                   |  1- 3 |  4- 6 |  7- 9 | 10-12 | 13-15 | 16-18 || total
-------------------------+-------+-------+-------+-------+-------+-------++-------
Melee: Long sword        |    96 |   144 |   261 |    59 |       |       ||   560
       Headbutt          |    14 |    26 |    49 |   158 |   276 |    78 ||   601
       Scimitar          |       |       |       |   681 |  1283 |   341 ||  2305
Throw: Tomahawk          |       |       |       |    32 |     4 |       ||    36
Invok: Curse Item        |       |       |     2 |     1 |     5 |       ||     8
       Scrying           |       |       |       |     1 |    12 |       ||    13
       Transfer Knowledg |       |       |       |       |     1 |       ||     1
Evoke: Wand              |       |       |       |       |    11 |       ||    11
  Use: Scroll            |       |       |     4 |    16 |    31 |     3 ||    54
       Potion            |       |       |     4 |    10 |     2 |     3 ||    19
 Stab: Confused          |       |       |       |       |       |     2 ||     2
  Eat: Chunk             |     2 |     4 |     5 |    14 |    17 |     2 ||    44
       Meat ration       |       |     1 |     1 |     1 |     4 |       ||     7
       Fruit             |       |       |     3 |       |     5 |       ||     8
       Bread ration      |       |       |       |     1 |     1 |       ||     2
       Royal jelly       |       |       |       |       |       |     4 ||     4
Armor: Scale mail        |    42 |    33 |       |       |       |       ||    75
       Leather armour    |       |    21 |    51 |    13 |       |       ||    85
       Chain mail        |       |       |       |   168 |   322 |   139 ||   629
Dodge: Dodged            |    35 |    74 |   110 |   184 |   243 |    93 ||   739
Block: Shield            |    24 |       |    43 |   374 |   919 |   329 ||  1689
       Buckler           |    11 |    25 |    22 |       |       |       ||    58
       Rpst.: Long sword |     7 |    17 |    32 |     3 |       |       ||    59
       Scimitar          |       |       |       |    45 |    58 |    14 ||   117
